Map: Nightshade LE

Players

TSGSolar (Solar)

  • Race: Zerg Zerg
  • League: Master
  • Spawn Location: 5:00

Astrea - Winner!

  • Race: Protoss Protoss
  • Spawn Location: 11:00

VOD

Have the link to the VOD?

Description

Time

  • Played on: May 17, 2020, 4:31 a.m.
  • Length: 15:09
Show
View Real Time Build Order
Export as new Build Order

TSGSolar Zerg 

Build Orders: Hatch First 

Get SALT Encoding   

  12  0:01  Drone  
  13  0:12  Overlord  
  13  0:16  Drone  
  14  0:30  Drone  
  14  0:31  Drone  
  16  0:48  Drone  
  16  0:49  Drone  
  18  0:57  Hatchery  
  18  0:59  Drone  
  18  1:04  Extractor  
  17  1:13  Spawning Pool  
  17  1:16  Drone  
  17  1:19  Drone  
  18  1:30  Drone  
  19  1:39  Drone  
  20  1:50  Overlord  
  20  1:59  Queen  
  22  2:09  Zergling x4, Queen  
  22  2:11  Drone  
  22  2:12  Metabolic Boost  
  27  2:21  Drone  
  28  2:25  Drone  
  29  2:33  Hatchery  
  29  2:35  Drone  
  29  2:37  Zergling x2  
  29  2:42  Drone  
  31  2:48  Spore Crawler  
  31  2:51  Queen  
  30  2:54  Overlord  
  30  2:57  Zergling x2  
  33  3:03  Zergling x2  
  33  3:04  Drone x2  
  35  3:13  Drone  
  35  3:14  Drone  
  35  3:17  Drone x2  
  36  3:23  Drone x2  
  38  3:28  Drone x2  
  38  3:33  Spore Crawler  
  39  3:36  Drone  
  39  3:39  Overlord  
  40  3:41  Drone  
  40  3:45  Drone x2  
  44  3:50  Roach Warren  
  44  3:51  Drone  
  44  3:54  Drone  
  44  3:57  Drone  
  44  3:59  Drone  
  44  4:01  Drone x2  
  44  4:02  Drone  
  49  4:05  Drone  
  49  4:10  Overlord  
  49  4:12  Zergling x4  
  49  4:16  Overlord  
  50  4:19  Extractor  
  50  4:20  Extractor, Zergling x2  
  50  4:21  Zergling x2  
  50  4:22  Overlord  
  50  4:25  Overlord  
  50  4:28  Drone  
  50  4:29  Drone  
  52  4:35  Lair  
  52  4:37  Drone  
  53  4:41  Zergling x4  
  55  4:46  Drone x6  
  55  4:49  Drone  
  55  4:52  Drone x2  
  62  4:56  Drone  
  62  4:57  Overlord  
  62  5:00  Drone  
  62  5:03  Drone  
  62  5:06  Extractor  
  62  5:09  Drone  
  62  5:11  Roach  
  62  5:12  Roach  
  62  5:13  Roach x2  
  70  5:14  Roach  
  72  5:21  Zergling x4, Spore Crawler  
  72  5:25  Overlord  
  72  5:27  Drone  
  72  5:28  Drone x2  
  76  5:29  Extractor  
  76  5:32  Roach x2  
  76  5:34  Overseer  
  79  5:37  Overlord  
  79  5:38  Glial Reconstitution  
  79  5:39  Roach  
  79  5:42  Zergling x4  
  83  5:46  Roach x2  
  83  5:49  Ravager x3  
  89  5:54  Zergling x8  
  91  5:58  Zergling x2  
  91  5:59  Zergling x2  
  91  6:01  Overlord  
  92  6:06  Drone x2  
  92  6:09  Drone, Ravager  
  92  6:11  Drone, Overseer  
  97  6:12  Zergling x4  
  97  6:15  Overlord  
  97  6:18  Roach  
  101  6:21  Roach x2  
  101  6:25  Roach  
  106  6:27  Roach x2  
  106  6:31  Ravager x3  
  113  6:37  Roach x4  
  121  6:45  Overlord  
  121  6:47  Overlord  
  121  6:48  Ravager  
  121  6:49  Overlord  
  121  6:52  Overlord  
  121  6:58  Overlord  
  121  7:04  Roach  
  121  7:05  Roach x3  
  121  7:07  Roach x4  
  137  7:09  Ravager x2  
  137  7:10  Overlord  
  137  7:13  Roach  
  141  7:16  Evolution Chamber  
  141  7:17  Ravager  
  141  7:18  Zergling x2  
  141  7:20  Roach  
  141  7:24  Roach x2  
  141  7:27  Ravager  
  141  7:29  Zergling x6  
  140  7:30  Evolution Chamber  
  140  7:33  Zergling x2  
  140  7:35  Roach  
  140  7:36  Roach  
  139  7:39  Roach  
  139  7:40  Roach  
  139  7:41  Ravager  
  139  7:43  Zergling x2  
  131  7:44  Roach  
  131  7:46  Zergling x2  
  131  7:49  Roach  
  131  7:50  Roach  
  123  7:52  Roach  
  123  7:53  Zergling x2  
  123  7:56  Zergling x2, Roach  
  123  7:57  Zergling x2  
  110  8:01  Zergling x2  
  110  8:02  Roach  
  100  8:07  Roach  
  100  8:08  Roach  
  78  8:15  Roach x2  
  78  8:16  Zergling x2  
  78  8:19  Roach  
  81  8:23  Ravager  
  81  8:26  Roach  
  82  8:27  Roach  
  82  8:28  Drone  
  82  8:33  Drone  
  82  8:34  Drone x2  
  86  8:38  Queen  
  88  8:46  Roach x2  
  90  8:49  Roach  
  90  8:51  Ravager  
  93  8:56  Roach x2  
  93  8:57  Roach  
  99  9:05  Roach x2  
  99  9:07  Zergling x2  
  104  9:17  Hatchery  
  104  9:21  Zergling x4  
  97  9:27  Roach x2  
  97  9:29  Ravager  
  97  9:31  Queen  
  100  9:36  Drone  
  100  9:38  Drone  
  104  9:41  Ravager x2  
  104  9:45  Ravager  
  107  9:50  Zergling x4  
  109  9:53  Roach Warren  
  107  10:00  Roach x2  
  107  10:02  Roach  
  107  10:03  Zergling x2  
  107  10:05  Ravager  
  113  10:10  Zergling x4  
  115  10:15  Roach  
  115  10:18  Ravager  
  115  10:20  Zergling x2  
  117  10:23  Roach  
  119  10:30  Roach x3  
  119  10:32  Zergling x2  
  119  10:33  Ravager  
  127  10:36  Zergling x2  
  127  10:39  Roach  
  127  10:41  Zergling x4  
  132  10:46  Ravager  
  132  10:47  Zergling x2  
  132  10:49  Zergling x4  
  133  10:53  Roach x2  
  133  10:55  Ravager  
  138  10:58  Zergling x2  
  138  11:03  Roach x2  
  142  11:07  Roach  
  142  11:10  Drone x3  
  147  11:13  Drone  
  147  11:14  Queen  
  147  11:18  Evolution Chamber  
  149  11:21  Drone  
  149  11:22  Drone  
  149  11:23  Drone  
  149  11:24  Drone  
  153  11:30  Drone x2  
  153  11:32  Drone x2  
  151  11:35  Drone  
  151  11:43  Hatchery  
  151  11:44  Drone  
  151  11:50  Overlord  
  151  11:54  Drone x3  
  154  11:55  Drone  
  154  12:01  Zergling x6  
  158  12:08  Queen  
  152  12:15  Drone x2  
  152  12:16  Drone  
  152  12:18  Drone  
  152  12:20  Evolution Chamber  
  155  12:23  Drone x2  
  155  12:24  Drone  
  155  12:26  Zergling x2, Roach x2  
  155  12:29  Ravager x4  
  166  12:32  Ravager  
  166  12:33  Drone x2  
  166  12:34  Drone  
  170  12:41  Baneling Nest  
  170  12:43  Drone  
  170  12:45  Zerg Melee Weapons Level 1  
  170  12:46  Overlord  
  170  12:48  Overlord  
  170  12:49  Overlord  
  170  12:58  Zergling x12  
  174  13:03  Queen  
  175  13:07  Drone x4  
  179  13:14  Drone, Queen  
  182  13:24  Centrifical Hooks  
  182  13:28  Zergling x22  
  193  13:38  Drone x4  
  195  13:49  Hatchery  
  195  13:50  Baneling x7  
  195  13:51  Zergling x2  
  195  13:52  Zergling x12  
  200  13:55  Baneling x2  
  200  13:56  Baneling x10  
  197  14:03  Zergling x8  
  196  14:17  Hatchery  
  196  14:19  Infestation Pit  
  196  14:23  Overlord  
  190  14:26  Overlord  
  190  14:29  Zergling x2  
  190  14:30  Zergling x28  
  197  14:39  Zergling x8  
  197  14:40  Zergling x2  
  197  14:41  Overlord  
  197  14:43  Overlord  
  197  14:44  Overlord  
Show
View Real Time Build Order
Export as new Build Order

Astrea Protoss - Winner!

Build Orders: 1 Gate Expand, Archon Immortal 

Get SALT Encoding   

  12  0:00  Probe  
  13  0:12  Probe  
  14  0:17  Pylon  
  14  0:24  Probe (Chrono Boost)  
  15  0:36  Probe (Chrono Boost)  
  15  0:39  Gateway  
  16  0:43  Probe (Chrono Boost)  
  16  0:48  Assimilator  
  17  0:51  Probe  
  18  1:03  Probe  
  19  1:15  Probe  
  20  1:25  Cybernetics Core  
  20  1:33  Nexus  
  20  1:37  Probe  
  21  1:43  Pylon  
  21  1:49  Probe  
  21  1:53  Assimilator  
  22  1:59  Adept (Chrono Boost)  
  22  2:01  Probe  
  25  2:13  Robotics Facility, Probe  
  26  2:19  Adept (Chrono Boost)  
  28  2:25  Probe  
  28  2:29  Warp Gate  
  29  2:37  Probe  
  30  2:44  Stalker  
  30  2:49  Probe (Chrono Boost)  
  34  2:54  Probe (Chrono Boost)  
  35  3:00  Probe (Chrono Boost)  
  35  3:04  Warp Prism (Chrono Boost), Probe (Chrono Boost)  
  38  3:06  Probe (Chrono Boost)  
  39  3:13  Probe  
  39  3:18  Probe  
  41  3:20  Pylon  
  41  3:24  Sentry  
  41  3:26  Probe  
  44  3:30  Probe  
  45  3:36  Immortal (Chrono Boost)  
  45  3:38  Probe  
  50  3:45  Probe  
  51  3:50  Pylon  
  51  3:51  Probe  
  52  3:58  Probe  
  53  4:03  Probe  
  53  4:05  Immortal (Chrono Boost)  
  56  4:11  Probe  
  56  4:13  Pylon  
  57  4:17  Sentry  
  57  4:18  Probe  
  57  4:20  Assimilator  
  57  4:21  Assimilator  
  57  4:22  Pylon  
  61  4:24  Probe  
  61  4:29  Pylon  
  61  4:30  Probe  
  62  4:35  Immortal (Chrono Boost)  
  66  4:39  Probe  
  66  4:44  Forge  
  67  4:45  Twilight Council  
  67  4:55  Gateway x2  
  67  4:59  Sentry  
  69  5:15  Immortal (Chrono Boost)  
  69  5:17  Gateway  
  69  5:20  Protoss Ground Weapons Level 1 (Chrono Boost)  
  73  5:21  Gateway, Charge (Chrono Boost)  
  73  5:26  Sentry  
  75  5:35  Pylon x2  
  75  5:44  Gateway x2  
  75  5:48  Pylon  
  75  5:59  Immortal (Chrono Boost)  
  77  6:07  Templar Archives  
  77  6:08  Sentry  
  77  6:09  Zealot x2  
  83  6:12  Pylon  
  83  6:13  Pylon  
  83  6:18  Zealot x2  
  87  6:38  Gateway  
  87  6:42  Zealot x7  
  101  6:53  Pylon  
  101  7:03  High Templar x4, Zealot x2  
  101  7:04  Zealot  
  101  7:07  Archon x2  
  115  7:27  Zealot x2  
  115  7:28  Zealot  
  113  7:38  Zealot x5  
  107  7:49  Zealot x3  
  87  7:59  Zealot x5  
  65  8:22  Zealot x8  
  75  8:39  High Templar x4  
  83  8:42  Sentry x4  
  83  8:43  Archon  
  83  8:44  Archon  
  91  8:51  Pylon  
  91  8:52  Observer  
  92  9:14  High Templar  
  92  9:15  High Templar, Zealot x6  
  100  9:27  Immortal (Chrono Boost)  
  104  9:32  Protoss Ground Weapons Level 2  
  104  9:34  Archon  
  104  9:35  Nexus  
  104  9:55  Probe x2  
  104  9:56  Sentry  
  104  9:58  Immortal (Chrono Boost)  
  111  10:07  Probe x2  
  113  10:19  Probe  
  113  10:20  Psionic Storm  
  114  10:26  Probe  
  115  10:30  Shield Battery  
  115  10:31  Shield Battery  
  115  10:32  Probe  
  115  10:33  Shield Battery  
  115  10:35  Shield Battery  
  116  10:37  Pylon  
  116  10:51  High Templar x2  
  116  10:53  High Templar  
  116  10:56  Zealot  
  116  10:57  Zealot x2  
  128  11:06  High Templar  
  128  11:10  Immortal (Chrono Boost)  
  130  11:14  Zealot  
  136  11:35  Zealot x7  
  150  11:45  Immortal (Chrono Boost)  
  154  11:50  Assimilator  
  154  11:51  Assimilator  
  154  12:01  Zealot x4  
  158  12:06  Probe x2  
  160  12:16  Probe  
  160  12:21  Immortal (Chrono Boost)  
  161  12:31  High Templar x2  
  165  12:43  Blink (Chrono Boost)  
  163  13:08  Pylon  
  163  13:10  Pylon  
  163  13:12  Pylon  
  163  13:16  Pylon  
  163  13:18  Pylon  
  163  13:24  Immortal (Chrono Boost)  
  167  13:30  High Templar x3  
  167  13:31  High Templar  
  167  13:34  Photon Cannon  
  175  13:35  Photon Cannon  
  175  13:38  Archon x2  
  175  13:48  Nexus  
  175  13:54  Immortal (Chrono Boost)  
  169  13:57  Pylon x2  
  171  14:21  Photon Cannon  
  171  14:23  Shield Battery  
  165  14:27  Immortal  
  165  14:31  Zealot x8  
Tags
 
Add a new tag
Caveats
  • Supply blocks, unpowered buildings, or Contaminate may cause inaccurate times.
  • Supply counts are checked every 10 seconds.